 Dungeon Crawl Stone Soup version 0.26.0-16-gc1dbca0489 (webtiles) character file.

Game seed: 16740814319862867055

148 kreisler the Vandal (level 5, 0/30 HPs)
             Began as a Kobold Arcane Marksman on Jan 18, 2021.
             Slain by a gnoll (7 damage)
             ... on level 3 of the Dungeon.
             The game lasted 00:19:09 (2370 turns).

kreisler the Vandal (Kobold Arcane Marksman)        Turns: 2370, Time: 00:19:10

Health: 0/30       AC:  5    Str:  7 (9)  XL:     5   Next: 56%
Magic:  5/7        EV: 12    Int: 12 (14) God:
Gold:   141        SH:  0    Dex: 12 (15) Spells: 6/7 levels left

rFire    . . .     SeeInvis .   p - +1 dagger (venom)
rCold    . . .     Faith    .   (shield restricted)
rNeg     . . .     Spirit   .   i - +0 ring mail
rPois    .         Reflect  .   (no helmet)
rElec    .         Harm     .   (no cloak)
rCorr    .         Rampage  .   (no gloves)
Will     .....                  (no boots)
Stlth    ++........             (no amulet)
HPRegen  0.10/turn              (no ring)
MPRegen  0.10/turn              (no ring)

@: no status effects
A: small, nightstalker 3
a: no special abilities


You were on level 3 of the Dungeon.
You visited 1 branch of the dungeon, and saw 3 of its levels.

You collected 141 gold pieces.

Inventory:

Hand Weapons
 a - a +0 hunting sling
 o - a +0 short sword
 p - a +1 dagger of venom (weapon)
Missiles
 d - 10 sling bullets
 f - 80 stones (quivered)
Armour
 e - a +0 robe
 i - a +0 ring mail (worn)
Jewellery
 b - an uncursed ring of resist corrosion
Scrolls
 c - 3 scrolls of identify
 h - a scroll of teleportation {unknown}
Potions
 g - a potion of lignification {unknown}


   Skills:
 + Level 2.2 Fighting
 + Level 0.2 Short Blades
 + Level 4.1 Slings
 + Level 2.8 Dodging
 + Level 1.2 Stealth
 + Level 1.6 Spellcasting
 + Level 3.4 Hexes


You had 6 spell levels left.
You knew the following spells:

 Your Spells              Type           Power        Failure   Level
a - Corona                Hex            10%          26%         1

Your spell library contained the following spells:

 Spells                   Type           Power        Failure   Level
 Slow                     Hex            9%           36%         2
 Inner Flame              Hex/Fire       5%           83%         3
 Portal Projectile        Hex/Tloc       10%          83%         3
 Cause Fear               Hex            4%           94%         4
 Leda's Liquefaction      Hex/Erth       2%           99%         4


Dungeon Overview and Level Annotations

Branches:
Dungeon (3/15)

Altars:


Innate Abilities, Weirdness & Mutations

You are small and have problems with some larger weapons.
You are completely attuned to the shadows.


Message History

The gnoll is heavily wounded.
The gnoll misses you.
Throw: 81 stones
Press: ? - help, Q - select action, (/) - cycle Shift-Dir - straight line, f - gnoll, p - gnoll
Aim: a gnoll You throw a stone.
The stone hits the gnoll but does no damage.
The gnoll closely misses you.
The gnoll hits you from afar with a +0 halberd.
* * * LOW HITPOINT WARNING * * *
You hit the gnoll.
The gnoll is poisoned.
The gnoll is moderately wounded.
A leopard gecko comes into view.
The gnoll closely misses you.
Your magical contamination has completely faded away.
The leopard gecko hisses angrily.
You hit the gnoll but do no damage.
The gnoll looks as sick as possible!
The gnoll is moderately wounded.
The gnoll barely misses you. The gnoll hits you!
You die...

..†...........#
.##.#.....)...####
.##.#.######.....#
......# ##.##.#
####.## #.##.# #
#[ #.#.# .#.
####.†###gl.
.......#....
####[..@g...
##..##.## #..# #
#..# #..#


You could see 2 gnolls and a leopard gecko.

Vanquished Creatures
  A scorpion (D:2)
  3 adders
  2 oozes (D:2)
  A worm (D:2)
  A dart slug (D:2)
  A leopard gecko (D:3)
  3 orcs (D:3)
  2 ball pythons (D:2)
  5 giant cockroaches
  A hobgoblin (D:1)
  4 jackals (D:1)
  8 bats
  2 frilled lizards (D:1)
  11 goblins
  8 kobolds
  3 rats (D:2)
56 creatures vanquished.

Notes
Turn   | Place    | Note
-------+----------+-------------------------------------------
     0 | D:1      | kreisler the Kobold Arcane Marksman began the quest for the
                  | Orb.
     0 | D:1      | Reached XP level 1. HP: 12/12 MP: 2/2
   344 | D:1      | Reached XP level 2. HP: 16/16 MP: 3/3
   437 | D:1      | Reached XP level 3. HP: 17/20 MP: 4/4
   522 | D:1      | You fall into a shaft and drop 1 floor!
   539 | D:2      | Reached skill level 3 in Slings
  1355 | D:2      | Noticed a scorpion
  1365 | D:2      | Killed a scorpion
  1366 | D:2      | Reached XP level 4. HP: 14/26 MP: 2/5
  1446 | D:2      | Reached skill level 4 in Slings
  1580 | D:2      | Reached XP level 5. HP: 30/30 MP: 4/6
  2090 | D:2      | Reached skill level 1 in Stealth
  2370 | D:3      | Slain by a gnoll

Illustrated notes

Levels and vault maps discovered:
D:1:      amcnicky_arrival_single_pillar, layout_basic
D:2:      layout_loops_ring
D:3:      layout_loops_ring, uniq_natasha

Skill      XL: |  1  2  3  4  5 |
---------------+----------------+-----
Slings         | 3 4 |  4.1
Fighting       | 2 |  2.2
Stealth        | 1 |  1.2
Short Blades   | |  0.2
Dodging        | |  2.8
Spellcasting   | |  1.6
Hexes          | |  3.4

Action                   |  1- 3 |  4- 6 || total
-------------------------+-------+-------++-------
Melee: Dagger            |     3 |    80 ||    83
 Fire: Hunting sling     |   105 |       ||   105
Throw: Stone             |       |    13 ||    13
 Cast: Corona            |     5 |    20 ||    25
  Use: Potion            |       |     5 ||     5
       Scroll            |       |     4 ||     4
 Stab: Sleeping          |       |     1 ||     1
Armor: Robe              |    15 |    10 ||    25
       Ring mail         |       |     1 ||     1
Dodge: Dodged            |    61 |    62 ||   123
